Cogmind - Beta 16 @@@ ROGUE MODE // 2025.10.26 @ 23:12:53 Player: Kr00m Result: Destroyed by L-31 Rogue with Katana Performance ------------- Evolutions (1) 500 Regions Visited (3) 600 Robots Destroyed (12) 60 Value Destroyed (252) 252 Prototype IDs (0) 0 Alien Tech Used (0) 0 Bonus (0) 0 TOTAL SCORE: 1412 Bonus ------- None Cogmind --------- Core Integrity 0/400 Matter 219/300 Energy 100/100 System Corruption 0% Temperature Cool (0) Movement Core (1350) Ox26 Location -9/Mines Parts ------- > --- POWER (1) -------- (None) > --- PROPULSION (4) --- (None) > --- UTILITY (2) ------ Huge Storage Unit > --- WEAPON (2) ------- Datajack > --- INVENTORY (25) --- (None) Peak State ------------ > --- POWER ------------ Ion Engine > --- PROPULSION ------- Wheel Wheel Compact Wheel > --- UTILITY ---------- Huge Storage Unit Light Armor Plating > --- WEAPON ----------- Light Cannon Light Cannon > --- INVENTORY -------- Aluminum Leg Small Laser Datajack [Rating: 8] Favorites ----------- Power Light Ion Engine Engine Light Ion Engine Propulsion Aluminum Leg Leg Aluminum Leg Wheel Wheel Utility Huge Storage Unit Device Sensor Array Storage Huge Storage Unit Protection Light Armor Plating Weapon Light Cannon Energy Gun Medium Laser Ballistic Gun Heavy Assault Rifle Ballistic Cannon Light Cannon Special Weapon Plasma Cutter Special Melee Weapon Datajack Build | -11 -10 -9 -9 ------- Run | Yrd Mat Mat Min Slots Evolved 2 | . . 2 . Power . | . . . . Propulsion 2 | . . 2 . Utility . | . . . . Weapon . | . . . . Parts Attached 23 | 5 10 4 4 Power 3 | 1 1 1 . Engine 3 | 1 1 1 . Core . | . . . . Reactor . | . . . . Propulsion 7 | 2 3 1 1 Treads . | . . . . Leg 4 | 2 1 . 1 Wheel 3 | . 2 1 . Hover . | . . . . Flight . | . . . . Utility 4 | . 3 1 . Device 1 | . 1 . . Storage 2 | . 2 . . Processor . | . . . . Hackware . | . . . . Protection 1 | . . 1 . Artifact . | . . . . Weapon 9 | 2 3 1 3 Energy Gun 3 | 2 . 1 . Energy Cannon . | . . . . Ballistic Gun 2 | . 1 . 1 Ballistic Cannon 2 | . 2 . . Launcher . | . . . . Special Weapon 1 | . . . 1 Impact Weapon . | . . . . Slashing Weapon . | . . . . Piercing Weapon . | . . . . Special Melee Weapon 1 | . . . 1 Unidentified Prototypes . | . . . . Parts Lost 10 | . . 7 3 Power 1 | . . 1 . Propulsion 3 | . . 2 1 Utility 1 | . . 1 . Weapon 5 | . . 3 2 Highest Loss Streak 7 | . . 7 3 To Critical Strikes . | . . . . Average Backups 2 | 2 3 1 . Power . | . . . . Propulsion 1 | 1 2 . . Utility . | . . . . Weapon . | . 1 . . Tool/Special . | . . . . Unused Backups . | . . . . Power . | . . . . Propulsion . | . . . . Utility . | . . . . Weapon . | . . . . Tool/Special . | . . . . Average Slot Usage (%) 66 | . 93 71 39 Engine 7 | . 14 9 . Leg 13 | . 25 . 10 Wheel 6 | . 2 20 . Device 3 | . 10 . . Storage 11 | . 12 13 11 Protection 1 | . . 7 . Energy Gun 7 | . 19 1 . Ballistic Gun 4 | . 5 . 6 Ballistic Cannon 6 | . 2 19 . Special Weapon 2 | . . . 6 Special Melee Weapon 1 | . . . 3 Peak Build Rating 8 | 5 7 8 6 Average Rating 5 | 4 6 6 4 On Entrance 3 | . 5 7 1 Avg Prop Armor Cover (%) . | . . . . Naked Turns . | . . . . Heaviest Build 94 | 6 93 94 84 Greatest Support 26 | 20 20 26 10 Greatest Overweight (x) 26 | . 4 26 26 Average Overweight (x) 2 | . . 4 8 Largest Inventory Capacity 25 | 5 25 25 25 Average Capacity 17 | 5 8 25 25 Most Carried 5 | 5 5 4 2 Average Carried 2 | 2 3 1 . Final Capacity 25 | 5 25 25 25 Final Carried 4 | 4 1 2 . Class Distribution -------------------- 100% | Mutant Dominant Class ---------------- Mutant | -10/Materials Mutant | -9/Materials Mutant | -9/Mines Resources | -11 -10 -9 -9 ----------- Run | Yrd Mat Mat Min Matter Collected 502 | 250 100 96 56 Remotely . | . . . . Salvage Created 316 | 42 58 216 . Parts 20 | 1 3 16 . Haulers Intercepted . | . . . . Recyclers Shooed . | . . . . Parts Field Recycled . | . . . . Retrieved Matter . | . . . . Parts Self-Destructed . | . . . . Prevented . | . . . . Parts Restored . | . . . . Kills | -11 -10 -9 -9 ------- Run | Yrd Mat Mat Min Combat Hostiles Destroyed 10 | 1 3 6 . Guns 5 | 1 3 1 . Cannons 5 | . . 5 . Classes Destroyed 4 | 1 1 2 . Recycler 1 | . . 1 . Operator 1 | . . 1 . Swarmer 5 | . 3 2 . Grunt 5 | 1 . 4 . Best Kill Streak 3 | 1 2 3 . Combat Bots Only 2 | 1 2 2 . Max Kills in Single Turn 1 | 1 1 1 . Gunslinging . | . . . . Exploded . | . . . . Melee . | . . . . Uniques/NPCs Destroyed . | . . . . Combat | -11 -10 -9 -9 -------- Run | Yrd Mat Mat Min Hostile Shots Fired 195 | 11 40 120 24 Missed 47 | 2 9 29 7 Hits 148 | 9 31 91 17 Melee 8 | . . . 8 Projectile 140 | 9 31 91 9 Damage Taken 1626 | 98 268 903 357 Core 527 | 44 67 219 197 Absorbed by Shields . | . . . . Core Remaining (%) 68 | 82 55 . . Volleys Fired 64 | 8 26 27 3 Largest 2 | 2 2 2 2 Hottest 90 | 90 90 70 43 Shots Fired 109 | 9 46 49 5 Gun 64 | 9 46 6 3 Cannon 43 | . . 43 . Launcher . | . . . . Special 2 | . . . 2 Kinetic 58 | . 12 43 3 Thermal 51 | 9 34 6 2 Explosive . | . . . . Electromagnetic . | . . . . Robot Hit Streak 8 | 3 8 3 4 Robot Miss Streak 4 | 2 3 4 2 Penetration Max . | . . . . Secondary Targets 1 | . 1 . . Max Gunslinging Chain 1 | . 1 . . Shots Hit Robots 59 | 6 25 21 7 Core Hits 17 | 2 7 8 . Critical Kills . | . . . . Critical Parts Destroyed 1 | . 1 . . Critical Strikes 4 | . 2 1 1 Burn 1 | . 1 . . Destroy 1 | . 1 . . Blast 1 | . . 1 . Sever 1 | . . . 1 Melee Attacks 3 | . . . 3 Impact . | . . . . Slashing . | . . . . Piercing . | . . . . Sneak Attacks . | . . . . Combat Hostiles . | . . . . Follow-up Attacks . | . . . . Damage Inflicted 797 | 71 267 406 53 Guns 391 | 71 267 22 31 Cannons 384 | . . 384 . Explosions . | . . . . Melee . | . . . . Ramming . | . . . . Kinetic 462 | . 47 384 31 Thermal 335 | 71 220 22 22 Explosive . | . . . . Electromagnetic . | . . . . Impact . | . . . . Slashing . | . . . . Piercing . | . . . . Highest Corruption . | . . . . Average Corruption . | . . . . Corruption Purged . | . . . . Corruption Blocked . | . . . . Overload Shots . | . . . . Overflow Damage 2 | . . 2 . Projectiles 2 | . . 2 . Explosions . | . . . . Melee . | . . . . Knockbacks 7 | . . 7 . Impact . | . . . . Kinetic 7 | . . 7 . Secondary . | . . . . Self-Inflicted Damage . | . . . . Shots . | . . . . Rammed . | . . . . Targets Rammed . | . . . . Kicked . | . . . . Crushed . | . . . . Highest Temperature 136 | 52 136 18 . Average Temperature 37 | 18 56 10 . Received Heat Transfer 321 | 54 54 159 54 Siege Activations . | . . . . Martial Activations . | . . . . Shielding Activations . | . . . . Robots Disrupted . | . . . . Combat Hostiles . | . . . . Robots Corrupted . | . . . . Combat Hostiles . | . . . . Parts Fried . | . . . . Impact Corruptions . | . . . . Robots Melted . | . . . . Combat Hostiles . | . . . . Parts Melted 1 | 1 . . . Heat Transferred 1002 | 186 692 50 74 Parts Sabotaged . | . . . . Parts Stolen . | . . . . Parts Stripped . | . . . . Power Chain Reactions . | . . . . Alert | -11 -10 -9 -9 ------- Run | Yrd Mat Mat Min Maximum Alert Level . | . . . . Low Security (%) 100 | 100 100 100 100 Level 1 . | . . . . Level 2 . | . . . . Level 3 . | . . . . Level 4 . | . . . . Level 5 . | . . . . High Security . | . . . . Max Security . | . . . . Peak Influence 66 | 10 55 66 15 Initial 6 | . . . 6 Average 11 | 1 14 29 1 Influence Increases 296 | 20 85 176 15 Destroy 0b10 Robot/C 200 | 20 60 120 . Destroy 0b10 Robot/NC 10 | . . 10 . Destroy Leader 40 | . 10 30 . Disable Machine 15 | . . . 15 Destroy Structure 1 | . . 1 . Lose Combat Pursuer 30 | . 15 15 . Influence Decreases 296 | 20 85 160 31 Entered New Map 10 | . . . 10 Time Decay 216 | 20 85 90 21 Lost Part 70 | . . 70 . Squads Dispatched 3 | . 1 2 . Investigation 1 | . 1 . . Extermination . | . . . . Reinforcement 2 | . . 2 . Assault . | . . . . Garrison . | . . . . Intercept . | . . . . Searches Triggered . | . . . . Construction Impeded . | . . . . Haulers Reinforced . | . . . . Active Scanning Responses . | . . . . Cargo Convoy Interrupts . | . . . . Stealth | -11 -10 -9 -9 --------- Run | Yrd Mat Mat Min Distress Signals 2 | . 1 1 . Communications Jammed . | . . . . Distress Signals . | . . . . Times Spotted 23 | 1 7 13 2 Peak Tracking Total 7 | 1 5 7 2 Tactical Retreats 2 | . 1 1 . Traps | -11 -10 -9 -9 ------- Run | Yrd Mat Mat Min Traps Triggered . | . . . . Indirectly . | . . . . Trap Hack Attempts . | . . . . Triggered . | . . . . Disarmed . | . . . . Reprogrammed . | . . . . Reused . | . . . . Traps Extracted . | . . . . Installed . | . . . . Triggered . | . . . . Machines | -11 -10 -9 -9 ---------- Run | Yrd Mat Mat Min Machines Disabled 1 | . . . 1 Max in Single Turn 1 | . . . 1 Machines Repaired . | . . . . Machines Dismantled 1 | . . . 1 Machines Sabotaged . | . . . . Overloaded Fab Kills . | . . . . Hacking | -11 -10 -9 -9 --------- Run | Yrd Mat Mat Min Machines Accessed 2 | . 2 . . Terminals 1 | . 1 . . Fabricators . | . . . . Repair Stations 1 | . 1 . . Recycling Units . | . . . . Scanalyzers . | . . . . Garrison Access . | . . . . Total Hacks 6 | . 6 . . Successful 3 | . 3 . . Failed 3 | . 3 . . Catastrophic . | . . . . Database Lockouts . | . . . . Manual . | . . . . Terminals 3 | . 3 . . Fabricators . | . . . . Repair Stations 3 | . 3 . . Recycling Units . | . . . . Scanalyzers . | . . . . Garrison Access . | . . . . Terminal Hacks 2 | . 2 . . Record 2 | . 2 . . Fabricator Hacks . | . . . . Repair Station Hacks 1 | . 1 . . Scan Component 1 | . 1 . . Recycling Unit Hacks . | . . . . Scanalyzer . | . . . . Garrison Access Hacks . | . . . . Unauthorized Hacks . | . . . . Terminals . | . . . . Fabricators . | . . . . Repair Stations . | . . . . Recycling Units . | . . . . Scanalyzers . | . . . . Garrison Access . | . . . . Data Cores Recovered . | . . . . Used . | . . . . Hacking Detections 2 | . 2 . . Full Trace Events 1 | . 1 . . Feedback Events . | . . . . Feedback Blocked . | . . . . Robot Schematics Acquired . | . . . . Robots Built . | . . . . Authchips . | . . . . Time . | . . . . Total Robot Build Rating . | . . . . Part Schematics Acquired . | . . . . Parts Built . | . . . . Authchips . | . . . . Time . | . . . . Total Part Build Rating . | . . . . Part Studies Acquired . | . . . . Parts Repaired . | . . . . Time . | . . . . Parts Recycled . | . . . . Recycled Matter . | . . . . Retrieved Matter . | . . . . Retrieved Components . | . . . . Parts Scanalyzed . | . . . . Part Schematics Acquired . | . . . . Parts Damaged . | . . . . Bothacking | -11 -10 -9 -9 ------------ Run | Yrd Mat Mat Min Used RIF Installer . | . . . . Robots Hacked 1 | . . . 1 Non-combat . | . . . . Combat 1 | . . . 1 Robot Hacks Applied 3 | . . . 3 parse_system 3 | . . . 3 Relay Couplers Released . | . . . . Fabnet Peak Effective % . | . . . . Robots Rewired . | . . . . Allies Hacked . | . . . . Hacks Repelled . | . . . . Allies | -11 -10 -9 -9 -------- Run | Yrd Mat Mat Min Total Allies . | . . . . Largest Group . | . . . . Highest-Rated Group . | . . . . Highest-Rated Ally . | . . . . Total Orders . | . . . . Ally Attacks . | . . . . Total Damage . | . . . . Kills . | . . . . Allies Corrupted . | . . . . Allies Melted . | . . . . Intel | -11 -10 -9 -9 ------- Run | Yrd Mat Mat Min Active Infowar (turns) 4 | . 4 . . Sensors 4 | . 4 . . Robot Analysis Total . | . . . . Derelict Logs Recovered . | . . . . Drone Launches . | . . . . Drone Recoveries . | . . . . Exploration | -11 -10 -9 -9 ------------- Run | Yrd Mat Mat Min Turns Passed 1120 | 154 340 248 378 Spaces Moved 443 | 94 191 107 51 Core 22 | 19 . 2 1 Treads . | . . . . Legs 294 | 75 169 . 50 Wheels 127 | . 22 105 . Hover . | . . . . Flight . | . . . . Fastest Speed 50 | 50 120 135 680 Average Speed 196 | 105 128 161 693 Slowest Speed 1350 | 120 400 1350 1350 Overloaded Moves . | . . . . Propulsion Burnouts . | . . . . Robots Hopped . | . . . . Potential Cave-ins . | . . . . Cave-ins Triggered . | . . . . Exploration Rate (%) 16 | 6 32 13 13 Regions Visited 3 Branch Regions 1 Pre-discovered Areas . | . . . . Known Exits Taken . | . . . . Unknown Exits Taken 3 | 1 1 1 . Scrap Searched 1 | . . . 1 Spaces Dug . | . . . . Terrain Destroyed . | . . . . Melee . | . . . . Projectile . | . . . . AOE . | . . . . Terrain Rammed . | . . . . Walls Destroyed . | . . . . Machines Disabled . | . . . . Actions | -11 -10 -9 -9 --------- Run | Yrd Mat Mat Min Total 598 | 139 245 145 69 Wait 27 | 24 3 . . Move 440 | 93 190 106 51 Hop . | . . . . Pick Up 23 | 9 7 5 2 Fast Attach . | . . . . Attach 18 | 5 6 2 5 Detach 2 | . 1 . 1 Swap 6 | . 4 2 . Drop 11 | . 8 3 . Fire 64 | 8 26 27 3 Melee 3 | . . . 3 Ram . | . . . . Kick . | . . . . Crush . | . . . . Escape Stasis . | . . . . Rewire . | . . . . Trap . | . . . . Miscellaneous 4 | . . . 4 Route ------- -11/Scrapyard -10/Materials -9/Materials -9/Mines History --------- Turn | Location | Event 2 | -11/Scrapyard | Met Revision 17 92 | -11/Scrapyard | Discovered new exit (range 8) 155 | -11/Scrapyard | Entered Materials 300 | -10/Materials | Build established: Mutant 418 | -10/Materials | Discovered new exit (range 15) 495 | -10/Materials | Entered another Materials area 495 | -9/Materials | Evolved 2 slots: Propulsion x2 635 | -9/Materials | Discovered new exit (range 9) 742 | -9/Materials | Core integrity fell below 50% 743 | -9/Materials | Entered Mines 771 | -9/Mines | Lost 7 parts (1p2n1u3w) 1113 | -9/Mines | Core integrity fell below 20% 1121 | -9/Mines | Destroyed by L-31 Rogue with Katana Last Messages --------------- Acquired Plasma Cutter. Acquired Hvy. Assault Rifle. Dismantling Laser Drill with Plasma Cutter. Laser Drill dismantled. Dismantling Laser Drill with Plasma Cutter. L-31 Rogue Imp. Ion Engine severed. Plasma Cutter destroyed. Hvy. Assault Rifle destroyed. Jacked L-31 Rogue... Right-click on available options for more info. Keyboard players can use Shift-a~z. >>parse_system Reading system data... Jacked L-31 Rogue... >>parse_system Reading system data... Jacked L-31 Rogue... >>parse_system Reading system data... Aluminum Leg destroyed. Map ----- +----------------------------------------------------+ | ?????????????????????????????????????????????????? | | ?????????????????????????????????????????????????? | | ?????????????????????????????????????????????????? | | ?????????????????????????????????????????????????? | | ?????????????????????????????????????????????????? | | ?????????????????????????????????????????????????? | | ?????????????????????????????????????????????????? | | ?????????????????????????????????????????????????? | | ?????????????????????????????????????????????????? | | ?????????????????????????????????????????????????? | | ?????????????????????????????????????????????????? | | ?????????????????????????????????????????????????? | | ?????????????????????????????????????????????????? | | ?????????????????????????????????????????????????? | | ?????????????????????????????????????????????????? | | ?????????????????????????????????????????????????? | | ?????????????????????????????????????????????????? | | ?????????????????????????????????????????????????? | | ?????????????????????????????????????????????????? | | ?????????????????????????????????????????????????? | | ?????????????????????????????????????????????????? | | ????????????????????####?????????????????????????? | | ???????????????????## ##????????????????????????? | | ??????????????????## ########### #????????????? | | ??????????????????# k g #????????????? | | ?????????????????## @l * #????????????? | | ?????????????????# ########### #????????? | | ?????????????????# ##??????????????????????? | | ?????????????????# "" ##?????????????????????? | | ?????????????????## " ######### #???????????? | | ??????????????????# "" #???????????? | | ??????????????????## #######??????????????? | | ???????????????????### ##????????????????????? | | ?????????????????????## ##?????????????????????? | | ??????????????????????# ###??????????????????????? | | ??????????????######### #????????????????????????? | | ??????????????# #????????????????????????? | | ??????????????# #########????????????????????????? | | ??????????????# #????????????????????????????????? | | ??????????????# #????????????????????????????????? | | ??????????????# #????????????????????????????????? | | ?????#???????## #????????????????????????????????? | | ## # ###### ##???????????????????????????????? | | # ##??????????????????????????????? | | # #??????????????????????????????? | | # #?????????????????????????????? | | # ### #????????????????????????????? | | ?????## ## #????????????????????????????? | | ??????### ##??## ##????????????????????????????? | | ????????###??????###?????????????????????????????? | +----------------------------------------------------+ Best States ------------- Heat Dissipation 28 Energy Generation 10 Energy Capacity 250 Matter Stores 348 Matter Capacity 500 Sight Range 16 Robot Scan Range 14 Terrain Scan Density 10 Armor Coverage 150 Evasion (%) 55 Item Schematics ----------------- None Robot Schematics ------------------ None Fabricated ------------ Nothing Repaired ---------- Nothing Studied --------- None Alien Tech Used ----------------- None Achievements -------------- DATA ERROR: Steam Global Achievement% Ghost 'Em I Have A Map? Organ Harvest There's More Where That Came From Challenges ------------ None Game ------ Seed PartitionTeslaScanner Manual? 0 Play Time 00:33:45 Cumulative 2.0 hours Start 2025.10.26 @ 22:39:54 End 2025.10.26 @ 23:12:53 Sessions 1 Manual Loads 0 Difficulty Rogue Special Mode None Game No. 3 Rogue 3 Adventurer 0 Explorer 0 Win Type - Total 0 Types 0/0/0/0/0/0/0/0/0/0 Lore% 0 Gallery% 4 Achievement% 2 Wizard Run 0 Options --------- Layout 1 ASCII 0 Keyboard 0 Movement Mouse Keybinds 0 Fullscreen 1 Font 32/Swanston Map View 25x17 Zoom Use 81% Tactical HUD 0 Map Filters NONE Filters NONE Steam 1 RUN: 6d5a74cd-594d-459d-a13b-4ad85f37f5e0